 Dungeon Crawl Stone Soup version 0.26.1-11-gd32895ea62 (webtiles) character file.

Game seed: 8517014789977428985

896 bpung the Skirmisher (level 8, -5/51 HPs)
             Began as a Gargoyle Fighter on June 2, 2021.
             Slain by an orc warrior
             ... wielding a +0 battleaxe
              (18 damage)
             ... on level 5 of the Dungeon.
             The game lasted 00:08:04 (4946 turns).

bpung the Skirmisher (Gargoyle Fighter)             Turns: 4946, Time: 00:08:05

Health: -5/51      AC: 16    Str: 22    XL:     8   Next: 7%
Magic:  8/8        EV:  6    Int:  9    God:
Gold:   346        SH: 15    Dex:  9    Spells: 7/7 levels left

rFire    . . .     SeeInvis .   a - +0 flail
rCold    . . .     Faith    .   c - +0 kite shield
rNeg     + + .     Spirit   .   d - +0 chain mail
rPois    ∞         Reflect  +   s - +1 hat
rElec    +         Harm     .   (no cloak)
rCorr    .         Rampage  .   (no gloves)
Will     .....                  (no boots)
Stlth    ..........             e - amulet of reflection
HPRegen  0.17/turn              (no ring)
MPRegen  0.11/turn              k - ring of positive energy

@: no status effects
A: negative energy resistance 1, electricity resistance, unbreathing,
petrification resistance, miasma immunity, AC +5
a: no special abilities


You were on level 5 of the Dungeon.
You visited 1 branch of the dungeon, and saw 6 of its levels.

You collected 346 gold pieces.

Inventory:

Hand Weapons
 a - a +0 flail (weapon)
Missiles
 h - 38 poisoned darts (quivered)
 n - 6 datura-tipped darts
 p - 3 curare-tipped darts
Armour
 c - a +0 kite shield (worn)
 d - a +0 chain mail (worn)
 q - a +0 helmet
 s - a +1 hat (worn)
Jewellery
 b - an uncursed amulet of guardian spirit
 e - an amulet of reflection (around neck)
 k - a ring of positive energy (right hand)
 m - an uncursed ring of stealth
 w - an uncursed amulet of faith
Wands
 r - a wand of digging (3)
Scrolls
 f - 9 scrolls of identify
 j - a scroll of noise {unknown}
 o - 3 scrolls of magic mapping
 t - 3 scrolls of immolation
 x - a scroll of blinking {unknown}
 y - a scroll of holy word {unknown}
Potions
 g - 2 potions of heal wounds
 i - 8 potions of curing
 l - 2 potions of lignification {unknown}
 u - a potion of flight {unknown}
 v - a potion of brilliance {unknown}


   Skills:
 + Level 5.9 Fighting
 + Level 4.8 Maces & Flails
 + Level 5.8 Armour
 + Level 5.8 Shields


You had 7 spell levels left.
You didn't know any spells.
Your spell library contained the following spells:

 Spells                   Type           Power        Failure   Level
 Corona                   Hex            0%           100%        1
 Ensorcelled Hibernation  Hex/Ice        0%           100%        2
 Confusing Touch          Hex            0%           100%        3
 Dazzling Flash           Conj/Hex       0%           100%        3
 Tukima's Dance           Hex            0%           100%        3


Dungeon Overview and Level Annotations

Branches:
Dungeon (6/15)
 Temple: D:4-7

Altars:
Dithmenos
Elyvilon
Zin


Innate Abilities, Weirdness & Mutations

You are resistant to torment.
Your stone body is resilient. (AC +5)
You are immune to poison.
You resist negative energy. (rN+)
You are resistant to electric shocks. (rElec)
You can survive without breathing.
You are immune to petrification.
You are immune to miasma.


Message History

You block the orc's attack.
The orc warrior hits you with a +0 battleaxe!
You climb upwards.
There is a stone staircase leading down here.
You closely miss the orc warrior. You block the orc's attack.
The orc warrior closely misses you.
You hit the orc warrior but do no damage.
You block the orc's attack. You block the orc warrior's attack.
The orc hits you but does no damage.
Your chain mail prevents you from hitting the orc warrior.
You block the orc's attack. The orc warrior barely misses you.
You closely miss the orc warrior. You block the orc's attack.
The orc warrior hits you with a +0 battleaxe!
You hit the orc warrior but do no damage.
You block the orc's attack.
The orc warrior hits you with a +0 battleaxe!
* * * LOW HITPOINT WARNING * * *
You closely miss the orc warrior. The orc barely misses you.
The orc warrior hits you with a +0 battleaxe!!
You die...

#..#..............#..#......#....
.##..........##.....<.......#...#
.##................###......#...#
.#...........###............#...#
..............##...#........#...#
...............#...#....##.......
#...........#.##..#.[.#####......
#...###.#...#...#.#..######....##
##.).####..####o@....#.##.#..<...
.#))## #....####.o............###
.)).)####......#.........##....##
......##....................#...#
..............##............##...
...............#.......##..####.#
..............#.......###..#.....
.............##........#.....##..
............>#........##....##...


You could see an orc warrior and an orc.

Vanquished Creatures
  Sigmund (D:3)
  A hornet zombie (D:6)
  A phantom (D:5)
  An ogre (D:5)
  2 howler monkeys
  A jelly (D:6)
  2 bullfrog skeletons (D:5)
  An orc priest (D:5)
  An orc wizard (D:5)
  A worker ant (D:5)
  A hound skeleton (D:4)
  A worker ant zombie (D:6)
  5 adders
  4 gnolls
  An ufetubus (D:5)
  An ooze (D:3)
  An adder skeleton (D:4)
  A worm (D:3)
  2 dart slugs
  5 leopard geckos
  5 orcs
  5 bats
  6 giant cockroaches
  4 goblins
  9 hobgoblins
  4 jackals
  4 quokkas (D:2)
  2 frilled lizards
  A jackal skeleton (D:5)
  10 kobolds
  A leopard gecko skeleton (D:4)
  A quokka zombie (D:5)
  5 rats
91 creatures vanquished.

Notes
Turn   | Place    | Note
-------+----------+-------------------------------------------
     0 | D:1      | bpung the Gargoyle Fighter began the quest for the Orb.
     0 | D:1      | Reached XP level 1. HP: 14/14 MP: 1/1
   138 | D:1      | Reached XP level 2. HP: 14/19 MP: 2/2
   501 | D:1      | Reached XP level 3. HP: 23/23 MP: 3/3
   901 | D:2      | Reached XP level 4. HP: 9/29 MP: 4/4
  1530 | D:2      | Reached XP level 5. HP: 30/33 MP: 5/5
  1814 | D:3      | Noticed Sigmund
  1844 | D:3      | Killed Sigmund
  1845 | D:3      | Reached XP level 6. HP: 4/39 MP: 6/6
  3573 | D:4      | Reached skill level 5 in Fighting
  3838 | D:5      | Entered Level 5 of the Dungeon
  3865 | D:5      | Reached skill level 5 in Armour
  3865 | D:5      | Reached skill level 5 in Shields
  3865 | D:5      | Reached XP level 7. HP: 44/44 MP: 7/7
  4638 | D:5      | Found a shadowy altar of Dithmenos.
  4646 | D:5      | Found a white marble altar of Elyvilon.
  4647 | D:5      | Found a glowing silver altar of Zin.
  4788 | D:6      | Reached XP level 8. HP: 49/51 MP: 8/8
  4946 | D:5      | Slain by an orc warrior

Illustrated notes

Levels and vault maps discovered:
D:1:      lightli_arrival_lavapool, layout_basic
D:2:      layout_basic, amcnicky_mini_pool_small, minmay_misc_feat_plants
D:3:      layout_basic, uniq_sigmund
D:4:      layout_basic, serial_bayou_ford_a, st_stairs_12
D:5:      layout_cave_pools, minitemple
D:6:      layout_cave_pools, fedhas_altar_1, uniq_duvessa

Skill      XL: |  1  2  3  4  5  6  7 |
---------------+----------------------+-----
Fighting       | 4 5 |  5.9
Shields        | 4 5 |  5.8
Armour         | 4 5 |  5.8
Maces & Flails | 3 4 |  4.8

Action                   |  1- 3 |  4- 6 |  7- 9 || total
-------------------------+-------+-------+-------++-------
Melee: Flail             |    85 |   170 |   126 ||   381
  Use: Potion            |       |     5 |       ||     5
       Scroll            |       |     5 |       ||     5
Armor: Scale mail        |    40 |    52 |       ||    92
       Chain mail        |       |    37 |    58 ||    95
Dodge: Dodged            |    25 |    33 |    27 ||    85
Block: Kite shield       |    39 |   101 |   122 ||   262
